 Dungeon Crawl Stone Soup version 0.16.1-28-gcc2312f (webtiles) character file.

15884 Simboubou the Cleaver (level 12, -9/112 HPs)
             Began as a Minotaur Berserker on June 3, 2015.
             Was the Champion of Trog.
             Mangled by a 12-headed hydra (11 damage)
             ... on level 13 of the Dungeon on June 4, 2015.
             The game lasted 01:14:58 (12012 turns).

Simboubou the Cleaver (Minotaur Berserker)         Turns: 12012, Time: 01:14:58

Health: -9/112     AC: 18    Str: 24    XL:     12   Next: 5%
Magic:  0/1        EV: 15    Int:  4    God:    Trog [******]
Gold:   921        SH:  8    Dex: 13    Spells: 0 memorised, 11 levels left

rFire  . . .     SeeInvis .     a - +3 broad axe (antimagic)
rCold  . . .     Clarity  .     c - +3 ring mail {rN+}
rNeg   + . .     SustAb   .     u - +0 shield
rPois  .         Gourm    .     (helmet restricted)
rElec  .         Spirit   +     e - +1 cloak
rCorr  .         Warding  .     k - +0 pair of gloves
rMut   .         Stasis   .     (no boots)
MR     ++...                    G - amulet of guardian spirit
Stlth  +.........               W - +3 ring of protection
                                P - +4 ring of evasion (curse)

@: regenerating, very resistant to hostile enchantments, very unstealthy
A: retaliatory headbutt, horns 2
a: Burn Spellbooks, Berserk, Trog's Hand, Brothers in Arms, Renounce Religion


You were on level 13 of the Dungeon.
You worshipped Trog.
Trog was exalted by your worship.
You were not hungry.

You visited 1 branch of the dungeon, and saw 13 of its levels.

You collected 921 gold pieces.

Inventory:

Hand weapons
 a - a +3 antimagic broad axe (weapon)
 b - a +5 antimagic rapier
 r - a +0 shortbow
 X - a +1 hand axe
 Y - a +2 quarterstaff of protection
Missiles
 g - 17 arrows of frost
 i - 82 stones
 q - 17 arrows of dispersal
 y - 16 tomahawks (quivered)
 z - 7 arrows of flame
Armour
 c - a +3 ring mail of positive energy (worn)
 e - a +1 cloak (worn)
 k - a +0 pair of gloves (worn)
 u - a +0 shield (worn)
Jewellery
 F - an uncursed ring of magical power
 G - an amulet of guardian spirit (around neck)
 P - a cursed +4 ring of evasion (left hand)
 W - a +3 ring of protection (right hand)
Magical devices
 m - a wand of flame (39)
 K - a wand of cold (3)
 V - a wand of frost (43)
Scrolls
 n - 7 scrolls of teleportation
 p - 6 scrolls of remove curse
 s - a scroll of recharging
 x - a scroll of immolation
 A - 2 scrolls of fog
 D - 2 scrolls of enchant weapon
 E - a scroll of identify
 M - a scroll of amnesia
 N - a scroll of fear
 S - a scroll of magic mapping
Potions
 d - 4 potions of haste
 h - a potion of resistance
 j - 7 potions of curing
 l - 2 potions of heal wounds
 o - a potion of lignification
 t - a potion of ambrosia
 v - 2 potions of cure mutation
 w - a potion of magic
 B - 2 potions of flight
 I - a potion of berserk rage
 J - 2 potions of invisibility
 R - 2 potions of brilliance
 Z - 2 potions of agility {unknown}
Miscellaneous
 f - a lamp of fire
 C - a disc of storms
Comestibles
 L - 4 beef jerkies
 O - 4 fruits
 Q - 3 bread rations


   Skills:
 + Level 12.2 Fighting
 - Level 14.0 Axes
 * Level 13.2 Armour
 + Level 5.7 Dodging


You had 11 spell levels left.
You didn't know any spells.

Dungeon Overview and Level Annotations

Branches:
Dungeon (13/15)            Temple (0/1) D:4            Lair (0/8) D:8
    Orc (0/4) D:11
 Vaults: D:13-14

Altars:
Cheibriados
Gozag
Makhleb
Nemelex Xobeh
Okawaru
Qazlal
Ru
Sif Muna
Xom
Zin
The Shining One

Shops:
D:10 :


Innate Abilities, Weirdness & Mutations

You reflexively headbutt those who attack you in melee.
You have a pair of horns on your head.


Message History

The 12-headed hydra bites you!
* * * LOW HITPOINT WARNING * * *
You block the 12-headed hydra's attack. x2
The 12-headed hydra barely misses you.
The 12-headed hydra bites you but does no damage.
The 12-headed hydra barely misses you. You block the 12-headed hydra's attack.
The 12-headed hydra barely misses you.
There is a stone staircase leading down here.
Use which ability? (? or * to list)
Your skin crawls.
You feel resistant to hostile enchantments.
You feel slightly more hungry. The 12-headed hydra bites you!
* * * LOW HITPOINT WARNING * * *
The 12-headed hydra closely misses you. The 12-headed hydra barely misses you.
The 12-headed hydra closely misses you.
The 12-headed hydra bites you but does no damage.
The 12-headed hydra bites you!
* * * LOW HITPOINT WARNING * * *
The 12-headed hydra bites you!
You die...

#########
#......... #D# #@#
######### #.#
........# #.#
..[.....########.#
...(....'........#
........##########
..........#
......[...#
...#......#######


You could see a 12-headed hydra.

Vanquished Creatures
  Harold (D:12)
  Nergalle (D:12)
  2 unseen horrors (D:11)
  7 hill giants
  A cyclops (D:11)
  An ugly thing (D:11)
  A centaur zombie (D:13)
  2 centaur skeletons
  2 trolls
  Grinder (D:5)
  A two-headed ogre (D:9)
  Prince Ribbit (D:4)
  A hornet zombie (D:12)
  4 slime creatures (D:12)
  A wraith (D:13)
  A hungry ghost (D:9)
  Eustachio (D:4)
  2 deep elf magi
  3 hippogriffs
  A mottled dragon (D:12)
  3 orc warriors
  A sky beast (D:11)
  2 black bears
  A necrophage (D:6)
  4 ice beasts
  2 centaurs
  10 ogres
  2 phantoms (D:8)
  3 giant frogs
  5 big kobolds
  A crocodile (D:13)
  2 scorpions
  11 killer bees
  A goliath beetle (D:11)
  5 wights (D:9)
  5 crimson imps
  4 quasits
  8 hounds
  11 orc priests
  2 iguanas
  2 jellies
  13 orc wizards
  2 giant frog skeletons
  7 worker ants
  A mummy (D:12)
  4 gnolls (D:8)
  11 adders
  2 white imps (D:4)
  2 giant mites
  2 shadow imps
  6 worms
  An adder zombie (D:9)
  An adder skeleton (D:9)
  7 giant geckos
  An ooze (D:2)
  48 orcs
  2 ball pythons
  A bat skeleton (D:7)
  7 giant cockroaches
  9 goblins
  19 hobgoblins
  13 jackals
  42 kobolds
  6 quokkas
  21 bats
  4 giant newts
  A giant spore (D:8)
  16 rats
  3 ballistomycetes
372 creatures vanquished.

Vanquished Creatures (others)
  2 giant frogs
  A hobgoblin (D:7)
  9 giant spores
  2 ballistomycetes (D:8)
14 creatures vanquished.

Grand Total: 386 creatures vanquished

Notes
Turn   | Place    | Note
--------------------------------------------------------------
     0 | D:1      | Simboubou, the Minotaur Berserker, began the quest for the Orb.
     0 | D:1      | Reached XP level 1. HP: 19/19 MP: 1/1
   392 | D:1      | Reached XP level 2. HP: 27/27 MP: 1/1
   668 | D:2      | Reached skill level 4 in Axes
   764 | D:2      | Reached XP level 3. HP: 25/33 MP: 2/2
   820 | D:2      | Acquired Trog's second power
  1083 | D:2      | Found a shimmering altar of Xom.
  1083 | D:2      | Found a sacrificial altar of Ru.
  1084 | D:2      | Found a snail-covered altar of Cheibriados.
  1244 | D:2      | Reached XP level 4. HP: 40/40 MP: 2/2
  1448 | D:2      | Reached skill level 5 in Axes
  1721 | D:3      | Found a sparkling altar of Nemelex Xobeh.
  2020 | D:3      | Reached XP level 5. HP: 17/47 MP: 2/2
  2331 | D:3      | Reached skill level 5 in Fighting
  2737 | D:4      | Found a staircase to the Ecumenical Temple.
  2781 | D:4      | You fall through a shaft for 2 floors!
  2781 | D:6      | Noticed Grinder
  2781 | D:6      | Noticed an ice beast
  2788 | D:5      | Entered Level 5 of the Dungeon
  2793 | D:5      | Killed an ice beast
  2793 | D:5      | Reached skill level 6 in Axes
  2793 | D:5      | Reached skill level 5 in Armour
  2793 | D:5      | Reached XP level 6. HP: 46/56 MP: 3/3
  2836 | D:5      | Killed Grinder
  2836 | D:5      | Reached skill level 7 in Axes
  2836 | D:5      | Reached XP level 7. HP: 62/62 MP: 3/3
  2958 | D:5      | Acquired Trog's third power
  3020 | D:5      | Noticed a centaur
  3038 | D:5      | Killed a centaur
  3678 | D:4      | Noticed a hippogriff
  3689 | D:4      | Killed a hippogriff
  3689 | D:4      | Reached skill level 8 in Axes
  3839 | D:4      | Reached XP level 8. HP: 63/71 MP: 3/3
  3949 | D:4      | Noticed Eustachio
  3965 | D:4      | Killed Eustachio
  4098 | D:4      | Reached skill level 9 in Axes
  4264 | D:4      | Noticed an ogre
  4277 | D:4      | Killed an ogre
  4326 | D:4      | Noticed Prince Ribbit
  4349 | D:4      | Killed Prince Ribbit
  4614 | D:6      | Noticed an ogre
  4623 | D:6      | Killed an ogre
  4623 | D:6      | Reached skill level 10 in Axes
  4888 | D:6      | Found an opulent altar of Gozag.
  4888 | D:6      | Found an iron altar of Okawaru.
  5122 | D:6      | Reached XP level 9. HP: 81/81 MP: 4/4
  5487 | D:7      | Found a stormy altar of Qazlal.
  6129 | D:7      | Reached skill level 11 in Axes
  6241 | D:8      | Received a gift from Trog
  6863 | D:8      | Found a staircase to the Lair.
  7327 | D:8      | Reached skill level 12 in Axes
  7720 | D:9      | Reached XP level 10. HP: 91/91 MP: 4/4
  7788 | D:9      | Noticed a hill giant
  7804 | D:9      | Killed a hill giant
  7958 | D:9      | Found a deep blue altar of Sif Muna.
  7995 | D:9      | Found a glowing silver altar of Zin.
  8319 | D:9      | Found a burning altar of Makhleb.
  8441 | D:10     | Entered Level 10 of the Dungeon
  8446 | D:10     | Reached skill level 10 in Fighting
  8452 | D:10     | Noticed a hill giant
  8465 | D:10     | Received a gift from Trog
  8472 | D:10     | Killed a hill giant
  8472 | D:10     | Reached skill level 13 in Axes
  8472 | D:10     | Reached skill level 10 in Armour
  8815 | D:10     | Noticed a hill giant
  8823 | D:10     | Killed a hill giant
  8867 | D:10     | Noticed a hill giant
  8877 | D:10     | Killed a hill giant
  9283 | D:10     | Received a gift from Trog
  9695 | D:10     | Noticed a hill giant
  9702 | D:10     | Killed a hill giant
  9702 | D:10     | Reached skill level 14 in Axes
  9702 | D:10     | Reached XP level 11. HP: 101/101 MP: 1/4
  9730 | D:10     | Found Monoutz's Book Shoppe.
 10048 | D:11     | Found a staircase to the Orcish Mines.
 10216 | D:11     | Killed an unseen horror
 10728 | D:11     | Killed an unseen horror
 10764 | D:12     | Noticed Harold
 10764 | D:12     | Noticed a hill giant
 10774 | D:12     | Killed a hill giant
 10784 | D:12     | Killed Harold
 11125 | D:12     | Noticed Nergalle
 11138 | D:12     | Killed Nergalle
 11242 | D:12     | Reached skill level 5 in Dodging
 11610 | D:12     | Found a glowing golden altar of the Shining One.
 11778 | D:12     | Noticed a hill giant
 11787 | D:12     | Killed a hill giant
 11938 | D:13     | Reached XP level 12. HP: 108/112 MP: 1/5
 12002 | D:13     | Noticed a seven-headed hydra
 12012 | D:13     | HP: 2/112 [12-headed hydra (7)]
 12012 | D:13     | Mangled by a 12-headed hydra

Action                   |  1- 3 |  4- 6 |  7- 9 | 10-12 || total
-------------------------+-------+-------+-------+-------++-------
Melee: Hand axe          |    82 |   144 |   349 |    84 ||   659
       War axe           |       |       |    44 |       ||    44
       Rapier            |       |       |    29 |    49 ||    78
       Broad axe         |       |       |       |   293 ||   293
Throw: Stone             |    43 |     9 |    26 |     6 ||    84
       Tomahawk          |       |       |    32 |     4 ||    36
Invok: Berserk           |       |     2 |     3 |     2 ||     7
       Trog's Hand       |       |     1 |     1 |     4 ||     6
       Burn Spellbooks   |       |       |       |     3 ||     3
Evoke: Wand              |       |       |     1 |       ||     1
  Use: Scroll            |     5 |     4 |     5 |    13 ||    27
       Potion            |       |       |     1 |     1 ||     2
  Eat: Bread ration      |     1 |       |     1 |       ||     2
       Meat ration       |       |     1 |     2 |     2 ||     5
       Pizza             |       |     1 |     1 |     1 ||     3
       Beef jerky        |       |       |     1 |     3 ||     4
       Royal jelly       |       |       |       |     1 ||     1
